 Dungeon Sprint DCSS version 0.19-a0-1891-ge1d1fe8 (console) character file.

5334104 Blackmore the Heavyweight Champion (level 22, 275/275 HPs)
             Began as a Troll Monk on Oct 18, 2016.
             Was the Champion of Trog.
             Escaped with the Orb
             ... and 3 runes!
             The game lasted 01:57:43 (12111 turns).

Blackmore the Heavyweight Champion (Troll Monk)    Turns: 12111, Time: 01:57:45

Health: 275/275    AC: 38    Str: 37    XL:     22   Next: 50%
Magic:  38/38      EV: 20    Int:  6    God:    Trog [******]
Gold:   248        SH: 30    Dex: 20    Spells: 0 memorised, 21 levels left

rFire  + . .     SeeInvis +       - Unarmed
rCold  + + .     Gourm    +     a - +3 gold dragon scales
rNeg   . . .     Faith    .     z - +0 large shield "Xoomp" {rElec rF- rC+ Dex+7} (curse)
rPois  +         Spirit   .     p - +2 hat {MR+}
rElec  +         Reflect  .     O - +2 cloak {+Inv}
rCorr  .         Harm     .     (gloves unavailable)
MR     ++++.     NoTele   +     (boots unavailable)
Stlth  ..........               Q - amulet "Saluog" {RegenMP MR+ Slay+3 SInv}
                                E - ring of Sin {rElec rF+ MR+ Str+3 Dex-2}
                                U - ring of Butasaejo {Str+2 Dex+3 Slay+5}

@: no status effects
A: unfitting armour, claws 3, fast metabolism 3, gourmand, regeneration 1,
shaggy fur 1, tough skin 2
a: Berserk, Trog's Hand, Brothers in Arms, Burn Spellbooks, Renounce Religion,
Evoke Invisibility
0: Orb of Zot
}: 3/15 runes: silver, golden, iron


You escaped.
You worshipped Trog.
Trog was exalted by your worship.
You were very full.

You visited 1 branch You collected 248 gold pieces.

Inventory:

Missiles
 G - 12 javelins of penetration
 H - 4 silver javelins
 K - 21 steel javelins
 L - 45 large rocks
 N - 7 javelins of returning (quivered)
 W - a tomahawk
Armour
 a - +3 gold dragon scales (worn)
 p - a +2 hat of magic resistance (worn)
 z - the cursed +0 large shield "Xoomp" (worn) {rElec rF- rC+ Dex+7}
   (You took it off a daeva in the Dungeon)

   It affects your dexterity (+7).
   It makes you vulnerable to fire.
   It protects you from cold.
   It insulates you from electricity.
   It has a curse placed upon it.
 O - a +2 cloak of invisibility (worn)
Jewellery
 e - a +3 ring of slaying
 h - the ring of the Sky {rElec rF+ Str+6}
   (You found it in the Dungeon)

   [ring of strength]

   It affects your strength (+6).
   It protects you from fire.
   It insulates you from electricity.
 i - the amulet "Cexauteu" {Faith Int+4 Stlth+}
   (You found it in the Dungeon)

   [amulet of faith]

   It allows you to gain divine favour quickly.
   It affects your intelligence (+4).
   It makes you more stealthy.
 j - the ring "Hunaaf" {rPois rN+ SInv}
   (You found it in the Dungeon)

   [ring of poison resistance]

   It protects you from poison.
   It protects you from negative energy.
   It lets you see invisible.
 k - the ring "Xeiqoock" {rN+ Int+6}
   (You found it in the Dungeon)

   [ring of intelligence]

   It affects your intelligence (+6).
   It protects you from negative energy.
 r - the ring of Cuwyg {rElec rN+ Str+6 Dex+2 SInv}
   (You found it in the Dungeon)

   [ring of strength]

   It affects your strength (+6).
   It affects your dexterity (+2).
   It insulates you from electricity.
   It protects you from negative energy.
   It lets you see invisible.
 w - the ring of Obbyomyaro {*Contam rN+ Dex+3 SInv}
   (You found it in the Dungeon)

   [ring of see invisible]

   It affects your dexterity (+3).
   It protects you from negative energy.
   It lets you see invisible.
   It causes magical contamination when unequipped.
 A - the ring of Wimits {rC+ Stlth+}
   (You found it in the Dungeon)

   [ring of protection from cold]

   It protects you from cold.
   It makes you more stealthy.
 D - the ring of the Oligarchy {+Fly rElec AC+6 Str+4}
   (You found it in the Dungeon)

   [ring of protection]

   It affects your AC (+6).
   It affects your strength (+4).
   It insulates you from electricity.
   It lets you fly.
 E - the ring of Sin (right claw) {rElec rF+ MR+ Str+3 Dex-2}
   (You found it in the Dungeon)

   [ring of protection from fire]

   It affects your strength (+3).
   It affects your dexterity (-2).
   It protects you from fire.
   It insulates you from electricity.
   It affects your resistance to hostile enchantments.
 F - the ring "Damu Lekh" {+Inv rN+ Int+4 Dex+6}
   (You found it in the Dungeon)

   [ring of positive energy]

   It affects your intelligence (+4).
   It affects your dexterity (+6).
   It protects you from negative energy.
   It lets you turn invisible.
 M - the ring "Taofumak" {MR+ Str+5}
   (You found it in the Dungeon)

   [ring of protection from magic]

   It affects your strength (+5).
   It affects your resistance to hostile enchantments.
 P - the ring "Xoutohas" {rN+ SInv}
   (You found it in the Dungeon)

   [ring of positive energy]

   It protects you from negative energy.
   It lets you see invisible.
 Q - the amulet "Saluog" (around neck) {RegenMP MR+ Slay+3 SInv}
   (You found it in the Dungeon)

   [amulet of magic regeneration]

   It increases your magic regeneration.
   It affects your accuracy and damage with ranged weapons and melee attacks
   (+3).
   It affects your resistance to hostile enchantments.
   It lets you see invisible.
 R - the amulet "Vestroq" {Spirit rN+}
   (You took it off an orc in the Dungeon)

   [amulet of guardian spirit]

   It causes incoming damage to be split between your health and magic.
   It protects you from negative energy.
 S - the amulet of Neavum {Reflect rElec rPois MR+ Str-5 SH+4}
   (You found it in the Dungeon)

   [amulet of reflection]

   It shields you and reflects attacks.
   It affects your strength (-5).
   It insulates you from electricity.
   It protects you from poison.
   It affects your resistance to hostile enchantments.
   It affects your SH (+4).
 T - the ring "Efyjorr" {rF++ rC+ MR- Dex+4 Stlth+}
   (You found it in the Dungeon)

   [ring of dexterity]

   It affects your dexterity (+4).
   It greatly protects you from fire.
   It protects you from cold.
   It affects your resistance to hostile enchantments.
   It makes you more stealthy.
 U - the ring of Butasaejo (left claw) {Str+2 Dex+3 Slay+5}
   (You found it in the Dungeon)

   [ring of slaying]

   It affects your strength (+2).
   It affects your dexterity (+3).
   It affects your accuracy and damage with ranged weapons and melee attacks
   (+5).
 V - the amulet "Lacsezeo" {Reflect Int+4 SH+6}
   (You found it in the Dungeon)

   [amulet of reflection]

   It shields you and reflects attacks.
   It affects your intelligence (+4).
   It affects your SH (+6).
 X - an uncursed ring of protection from magic
 Y - the ring "Juyfuost" {*Contam Int+6 Dex+5 Slay+5}
   (You found it in the Dungeon)

   [ring of slaying]

   It affects your intelligence (+6).
   It affects your dexterity (+5).
   It affects your accuracy and damage with ranged weapons and melee attacks
   (+5).
   It causes magical contamination when unequipped.
 Z - the amulet "Uruupnit" {RegenMP *Contam rElec Slay+5 Stlth+}
   (You found it in the Dungeon)

   [amulet of magic regeneration]

   It increases your magic regeneration.
   It affects your accuracy and damage with ranged weapons and melee attacks
   (+5).
   It insulates you from electricity.
   It causes magical contamination when unequipped.
   It makes you more stealthy.
Wands
 g - a wand of slowing (15/48)
 o - a wand of heal wounds (5/9)
 x - a wand of hasting (5/9)
 B - a wand of slowing (20/48)
 J - a wand of acid (11/15)
Scrolls
 v - 7 scrolls of fog
 y - 2 scrolls of fear
Potions
 c - 8 potions of curing
 d - a potion of heal wounds
 f - 5 potions of magic
 q - 5 potions of might
 s - 4 potions of agility
 t - 4 potions of cure mutation
 u - a potion of brilliance
Miscellaneous
 l - the horn of Geryon
Comestibles
 b - 12 bread rations
 m - 44 fruits
 n - a meat ration
 I - 12 royal jellies


   Skills:
 O Level 27 Fighting
 O Level 27 Throwing
 O Level 27 Armour
 + Level 20.8 Dodging
 + Level 18.4 Stealth
 O Level 27 Shields
 O Level 27 Unarmed Combat
 O Level 27 Evocations


You had 21 spell levels left.
You didn't know any spells.

Dungeon Overview and Level Annotations

Branches:
Dungeon (1/1)

Altars:
Ashenzari
Cheibriados
Dithmenos
Elyvilon
Fedhas
Gozag
Hepliaklqana
Kikubaaqudgha
Makhleb
Nemelex Xobeh
Okawaru
Qazlal
Ru
Sif Muna
Trog
Uskayaw
Vehumet
Xom
Yredelemnul
Zin
The Shining One
Beogh
Jiyva
Lugonu


Innate Abilities, Weirdness & Mutations

You are too large for most types of armour.
You have claws for hands.
Your metabolism is lightning-fast.
You like to eat raw meat.
Your natural rate of healing is unusually fast.
You are covered in fur. (AC +1)
You have very tough skin. (AC +2)


Message History

Your resistance to elements expires.
There is a huge open gate to the Main Hall (Safe) here.
Things that are here:
a +1 scythe of protection; a robe You feel a little less mighty now.
You feel a little less agile now.
Unknown command.
A Tzitzimitl comes into view.
The Tzitzimitl roars!
There is a huge open gate to the Grid Vault (Hard) here.
There is a huge open gate to the Grid Vault (Hard) here.
You mangle the Tzitzimitl!!
The Tzitzimitl is moderately wounded.
You eviscerate the Tzitzimitl!!!!
You kill the Tzitzimitl!
Trog accepts your kill.
There is an open door to the Entrance Hall (Safe) here.
There is a staircase leading out of the dungeon here.
Unknown command.
You have escaped!

##########.##................''..
#.(.........'................''..
#)#####'#####......#..#......##..
#(#.)#.).'.##................##..
#(#..#...#.#####'#####''#########
#.#รท.#####.##.......##''#########
#(#..'...#.##.......##......#...'
#(#..'%..'.##.......##....###...#
#.#..########...@...##...##.'...'
#.#..'[))).##.......##..##..##'##
#.#..#[))).##.......##..#..##...#
#(###########.......##..#..#.....
#.......#..###########.)'..(.(...
#...#...#)############..#..#.)...
#...#...#)#....#..[[##..#..##...#
#.##.##.#'#....#..[[##..##..##)##
#...#...#.)....'..))##...##.'...)


There were no monsters in sight!

Vanquished Creatures
  Cerebov (D)
  Dissolution (D)
  the Royal Jelly (D)
  Gloorx Vloq (D)
  Mara (D)
  4 orbs of fire (D)
  9 ancient liches (D)
  the Lernaean hydra (D)
  6 greater mummies (D)
  2 Killer Klowns (D)
  Xtahua (D)
  Margery (D)
  Geryon (D)
  7 pandemonium lords (D)
  Jory (D)
  2 golden dragons (D)
  Nikola (D)
  5 Tzitzimimeh (D)
  2 Brimstone Fiends (D)
  5 bone dragons (D)
  3 pearl dragons (D)
  3 electric golems (D)
  An Ice Fiend (D)
  A tentacled monstrosity (D)
  2 hellephants (D)
  5 liches (D)
  26 Orb Guardians (D)
  6 titans (D)
  5 acid blobs (D)
  A quicksilver dragon (D)
  2 deep elf master archers (D)
  Frances (D)
  3 sphinxes (D)
  A storm dragon (D)
  Kirke (D)
  Donald (D)
  A fire giant (D)
  4 azure jellies (D)
  A daeva (D)
  A deep elf sorcerer (D)
  2 orc warlords (D)
  2 ghost moths (D)
  2 emperor scorpions (D)
  2 iron dragons (D)
  A balrug (D)
  An angel (D)
  A draconian knight (D)
  3 draconian zealots (D)
  6 cacodemons (D)
  A draconian scorcher (D)
  A reaper (D)
  2 ghouls (D)
  2 draconian annihilators (D)
  2 stone giants (D)
  A spriggan defender (D)
  A war gargoyle (D)
  A draconian caller (D)
  2 ophanim (D)
  11 vampire knights (D)
  A black draconian (D)
  2 green draconians (D)
  3 deep elf annihilators (D)
  An apis (D)
  7 dire elephants (D)
  A mottled draconian (D)
  A white draconian (D)
  Snorg (D)
  2 minotaurs (D)
  2 green deaths (D)
  2 ettins (D)
  3 deep elf death magi (D)
  4 blizzard demons (D)
  6 death oozes (D)
  3 mummy priests (D)
  5 fire dragons (D)
  A great orb of eyes (D)
  2 yaktaur captains (D)
  A vault guard (D)
  A rakshasa (D)
  10 hydras (D)
  An alligator snapping turtle (D)
  A spriggan air mage (D)
  A ghost crab (shapeshifter) (D)
  4 naga warriors (D)
  A catoblepas (D)
  A centaur warrior (D)
  A hell beast (D)
  4 ice dragons (D)
  A merfolk avatar (D)
  4 ogre magi (D)
  10 death yaks (D)
  An iron elemental (D)
  5 vampire magi (D)
  4 soul eaters (D)
  9 hell knights (D)
  A deep elf knight (D)
  12 skeletal warriors (D)
  A deep troll (D)
  A sixfirhy (D)
  5 cherubim (D)
  A hill giant (shapeshifter) (D)
  A sea snake (shapeshifter) (D)
  4 swamp dragons (D)
  A flayed ghost (D)
  A naga ritualist (D)
  6 lindwurms (D)
  3 wizards (D)
  A wolf spider (shapeshifter) (D)
  10 orc knights (D)
  A deep elf mage (D)
  A wolf spider (D)
  A moth of wrath (D)
  2 ugly things (D)
  3 manticores (D)
  A smoke demon (D)
  3 gargoyles (D)
  2 eyes of devastation (D)
  A guardian serpent (D)
  2 demonic crawlers (D)
  5 rime drakes (D)
  3 tormentors (D)
  6 yaktaurs (D)
  2 guardian mummies (D)
  2 ice devils (D)
  A merfolk (D)
  A wind drake (D)
  A hornet (D)
  A jumping spider (D)
  2 wandering mushrooms (D)
  A troll (D)
  2 tyrant leeches (D)
  3 two-headed ogres (D)
  A hippogriff (D)
  4 dream sheep (D)
  2 snapping turtles (D)
  6 redbacks (D)
  7 wyverns (D)
  2 spriggans (D)
  4 wraiths (D)
  4 yaks (D)
  A tarantella (D)
  A golden eye (D)
  2 basilisks (D)
  2 chaos spawn (D)
  A fire elemental (D)
  4 steam dragons (D)
  A warg (D)
  A mottled dragon (D)
  3 swamp drakes (D)
  Purgy (D)
  3 floating eyes (D)
  4 eyes of draining (D)
  4 orc warriors (D)
  A black bear (D)
  3 wolves (D)
  7 ogres (D)
  A centaur (D)
  A crocodile (D)
  A big kobold (D)
  A bullfrog (D)
  A gnoll sergeant (D)
  An earth elemental (D)
  3 killer bees (D)
  3 wights (D)
  A crimson imp (D)
  A quasit (D)
  A jelly (D)
  An orc wizard (D)
  A hell rat (D)
  2 mummies (D)
  5 gnolls (D)
  A river rat (D)
  An adder (D)
  2 white imps (D)
  3 adder zombies (D)
  An ooze (D)
  7 adder skeletons (D)
  2 adder simulacra (D)
  2 leopard geckos (D)
  4 orcs (D)
  3 bat skeletons (D)
  7 bat zombies (D)
  A giant cockroach (D)
  A goblin (D)
  2 hobgoblins (D)
  2 quokkas (D)
  A ball python (D)
  A ball python simulacrum (D)
  A ball python skeleton (D)
  A ball python zombie (D)
  A bat (D)
  3 bat simulacra (D)
  A frilled lizard (D)
  A giant cockroach simulacrum (D)
  2 giant cockroach zombies (D)
  2 jackal skeletons (D)
  2 leopard gecko simulacra (D)
  A quokka skeleton (D)
517 creatures vanquished.

Vanquished Creatures (collateral kills)
  Khufu (D)
  A curse toe (D)
  Saint Roka (D)
  A pandemonium lord (D)
  An acid blob (D)
  An Executioner (D)
  2 sphinxes (D)
  An azure jelly (D)
  A draconian zealot (D)
  A ghoul (D)
  Louise (D)
  A spriggan defender (D)
  A draconian shifter (D)
  An apis (D)
  A deep elf demonologist (D)
  A dire elephant (D)
  A deep elf annihilator (D)
  A white draconian (D)
  A minotaur (D)
  A purple draconian (D)
  A mummy priest (D)
  A merfolk impaler (D)
  A blizzard demon (D)
  An ettin (D)
  A green death (D)
  A death ooze (D)
  A deep elf high priest (D)
  Josephine (D)
  A naga warrior (D)
  A hydra (D)
  An ice dragon (D)
  A vault guard (D)
  A hell beast (D)
  A death knight (D)
  A deep elf knight (D)
  5 skeletal warriors (D)
  3 hell knights (D)
  A flayed ghost (D)
  A necromancer (D)
  A cyclops (D)
  3 yaktaurs (D)
  A tormentor (D)
  3 merfolk (D)
  2 trolls (D)
  A jumping spider (shapeshifter) (D)
  A polar bear (D)
  5 dream sheep (D)
  4 redbacks (D)
  2 wyverns (D)
  3 wraiths (D)
  A ynoxinul (D)
  A basilisk (D)
  A yak (D)
  A steam dragon (D)
  A golden eye (D)
  A naga (D)
  A warg (D)
  An eye of draining (D)
  2 ogres (D)
  7 wolves (D)
  A crocodile (D)
  A gnoll sergeant (D)
  An earth elemental (D)
  An orc wizard (D)
  5 gnolls (D)
  A leopard gecko (D)
  3 orcs (D)
  A bat skeleton (D)
  A ball python (D)
104 creatures vanquished.

Vanquished Creatures (others)
  A deep elf master archer (D)
  A swamp drake (D)
2 creatures vanquished.

Grand Total: 623 creatures vanquished

Notes
Turn   | Place    | Note
-------+----------+-------------------------------------------
     0 | D        | Blackmore the Troll Monk began the quest for the Orb.
     0 | D        | Reached XP level 1. HP: 22/22 MP: 0/0
    39 | D        | Found a radiant altar of Vehumet.
    39 | D        | Found a hide-covered altar of Uskayaw.
    39 | D        | Found an ancient bone altar of Kikubaaqudgha.
    39 | D        | Found a viscous altar of Jiyva.
    39 | D        | Found a hazy altar of Hepliaklqana.
    40 | D        | Found a bloodstained altar of Trog.
    40 | D        | Found a deep blue altar of Sif Muna.
    40 | D        | Found a sacrificial altar of Ru.
    40 | D        | Found a stormy altar of Qazlal.
    40 | D        | Found an iron altar of Okawaru.
    40 | D        | Found a sparkling altar of Nemelex Xobeh.
    40 | D        | Found an opulent altar of Gozag.
    40 | D        | Found a blossoming altar of Fedhas.
    40 | D        | Found a white marble altar of Elyvilon.
    40 | D        | Found a shadowy altar of Dithmenos.
    40 | D        | Found a snail-covered altar of Cheibriados.
    41 | D        | Found a burning altar of Makhleb.
    41 | D        | Found a glowing golden altar of the Shining One.
    41 | D        | Found a glowing silver altar of Zin.
    41 | D        | Found a basalt altar of Yredelemnul.
    41 | D        | Found a roughly hewn altar of Beogh.
    42 | D        | Found a corrupted altar of Lugonu.
    42 | D        | Found a shimmering altar of Xom.
    42 | D        | Found a shattered altar of Ashenzari.
    43 | D        | Became a worshipper of Trog the Wrathful
    43 | D        | Reached * piety under Trog
    43 | D        | Reached ** piety under Trog
    65 | D        | Reached XP level 2. HP: 10/31 MP: 1/1
   127 | D        | Reached *** piety under Trog
   151 | D        | Noticed a black bear
   159 | D        | Reached skill level 5 in Unarmed Combat
   159 | D        | Reached XP level 3. HP: 35/39 MP: 2/2
   160 | D        | Killed a black bear
   160 | D        | Reached skill level 5 in Fighting
   160 | D        | Reached XP level 4. HP: 37/50 MP: 3/3
   161 | D        | Reached **** piety under Trog
   232 | D        | Noticed a centaur
   232 | D        | Noticed Purgy
   251 | D        | Killed a centaur
   251 | D        | Reached XP level 5. HP: 27/59 MP: 4/4
   347 | D        | Reached skill level 5 in Dodging
   347 | D        | Reached XP level 6. HP: 68/68 MP: 5/5
   350 | D        | Killed Purgy
   350 | D        | Reached ***** piety under Trog
   350 | D        | Reached skill level 10 in Unarmed Combat
   380 | D        | Noticed a wraith
   388 | D        | Killed a wraith
   388 | D        | Reached XP level 7. HP: 78/78 MP: 6/6
   446 | D        | Noticed a smoke demon
   457 | D        | Noticed a spriggan
   467 | D        | Killed a smoke demon
   467 | D        | Reached XP level 8. HP: 51/88 MP: 7/7
   468 | D        | Received a gift from Trog
   578 | D        | Noticed a manticore
   588 | D        | Killed a manticore
   588 | D        | Reached ****** piety under Trog
   618 | D        | Noticed a dream sheep
   618 | D        | Noticed a dream sheep
   625 | D        | Noticed a dream sheep
   625 | D        | Killed a dream sheep
   627 | D        | Noticed a dream sheep
   627 | D        | Killed a dream sheep
   628 | D        | Received a gift from Trog
   629 | D        | Killed a dream sheep
   630 | D        | Noticed a dream sheep
   630 | D        | Killed a dream sheep
   630 | D        | Reached skill level 15 in Unarmed Combat
   631 | D        | Killed a dream sheep
   631 | D        | Reached XP level 9. HP: 97/98 MP: 4/8
   635 | D        | Noticed a cyclops
   638 | D        | Killed a cyclops
   642 | D        | Noticed Josephine
   645 | D        | Received a gift from Trog
   646 | D        | Killed Josephine
   649 | D        | Received a gift from Trog
   709 | D        | Noticed a skeletal warrior
   709 | D        | Noticed a skeletal warrior
   709 | D        | Noticed a skeletal warrior
   712 | D        | Killed a skeletal warrior
   714 | D        | Killed a skeletal warrior
   716 | D        | Received a gift from Trog
   718 | D        | Killed a skeletal warrior
   718 | D        | Reached XP level 10. HP: 110/110 MP: 9/9
   720 | D        | Noticed a skeletal warrior
   727 | D        | Killed a skeletal warrior
   743 | D        | Noticed a gargoyle
   745 | D        | Killed a gargoyle
   745 | D        | Reached skill level 10 in Fighting
   758 | D        | Noticed a red ugly thing
   762 | D        | Noticed an orc knight
   768 | D        | Killed a red ugly thing
   769 | D        | Received a gift from Trog
   777 | D        | Killed an orc knight
   819 | D        | Noticed a manticore
   819 | D        | Noticed a lindwurm
   824 | D        | Killed a lindwurm
   830 | D        | Killed a manticore
   830 | D        | Received a gift from Trog
   844 | D        | Noticed a flayed ghost
   849 | D        | Killed a flayed ghost
   873 | D        | Received a gift from Trog
   876 | D        | Reached XP level 11. HP: 119/119 MP: 10/10
   886 | D        | Received a gift from Trog
   909 | D        | Received a gift from Trog
   936 | D        | Noticed an eight-headed hydra
   944 | D        | Killed an eight-headed hydra
  1129 | D        | Noticed Donald
  1138 | D        | Killed Donald
  1138 | D        | Received a gift from Trog
  1164 | D        | Noticed a vampire mage
  1172 | D        | Killed a vampire mage
  1175 | D        | Noticed a deep elf mage
  1183 | D        | Killed a deep elf mage
  1200 | D        | Noticed a merfolk impaler
  1210 | D        | Received a gift from Trog
  1220 | D        | Killed a merfolk impaler
  1223 | D        | Received a gift from Trog
  1424 | D        | Noticed an orc knight
  1424 | D        | Noticed an orc knight
  1424 | D        | Noticed an orc knight
  1424 | D        | Noticed an orc knight
  1425 | D        | Noticed an orc knight
  1425 | D        | Noticed an orc knight
  1425 | D        | Noticed an orc warlord
  1425 | D        | Noticed an orc warlord
  1447 | D        | Killed an orc knight
  1452 | D        | Killed an orc knight
  1452 | D        | Received a gift from Trog
  1474 | D        | Killed an orc knight
  1474 | D        | Reached XP level 12. HP: 106/130 MP: 11/11
  1549 | D        | Reached skill level 10 in Dodging
  1603 | D        | Noticed an emperor scorpion
  1623 | D        | Killed an emperor scorpion
  1623 | D        | Received a gift from Trog
  1778 | D        | Killed an orc warlord
  1813 | D        | Received a gift from Trog
  1814 | D        | Noticed a naga warrior
  1819 | D        | Killed a naga warrior
  1855 | D        | Noticed a yaktaur captain
  1861 | D        | Noticed Frances
  1870 | D        | Killed a yaktaur captain
  1876 | D        | Received a gift from Trog
  1890 | D        | Killed Frances
  2003 | D        | Killed an orc warlord
  2014 | D        | Noticed a naga warrior
  2015 | D        | Noticed a yaktaur captain
  2026 | D        | Killed a naga warrior
  2033 | D        | Killed a yaktaur captain
  2033 | D        | Reached XP level 13. HP: 94/141 MP: 12/12
  2060 | D        | Got the cursed +1 mace of Defilement {elec, SInv}
  2120 | D        | Received a gift from Trog
  2152 | D        | HP: 4/141 [something/shard of ice (26)]
  2153 | D        | Received a gift from Trog
  2319 | D        | Got the +7 steam dragon scales "Jara" {rC+}
  2380 | D        | Noticed an ophan
  2382 | D        | Noticed Kirke
  2395 | D        | Killed Kirke
  2397 | D        | Killed an ophan
  2400 | D        | Received a gift from Trog
  2406 | D        | Reached skill level 27 in Unarmed Combat
  2419 | D        | Got a warped shortbow {god gift}
  2489 | D        | Noticed a minotaur
  2507 | D        | Killed a minotaur
  2507 | D        | Received a gift from Trog
  2527 | D        | Noticed a minotaur
  2527 | D        | Killed a minotaur
  2543 | D        | Noticed a spriggan defender
  2546 | D        | Killed a spriggan defender
  2551 | D        | Received a gift from Trog
  2557 | D        | Reached skill level 1 in Evocations
  2692 | D        | Received a gift from Trog
  2700 | D        | Noticed a vampire knight
  2706 | D        | Reached skill level 15 in Fighting
  2721 | D        | Killed a vampire knight
  2766 | D        | Received a gift from Trog
  2903 | D        | Noticed a green draconian
  2927 | D        | Killed a green draconian
  2927 | D        | Reached XP level 14. HP: 108/161 MP: 14/14
  3129 | D        | Received a gift from Trog
  3129 | D        | Received a gift from Trog
  3142 | D        | Received a gift from Trog
  3143 | D        | Noticed a sphinx
  3143 | D        | Noticed a red draconian shifter
  3143 | D        | Noticed a sphinx
  3145 | D        | Noticed a sphinx
  3150 | D        | Reached skill level 1 in Throwing
  3154 | D        | Killed a sphinx
  3156 | D        | Killed a sphinx
  3156 | D        | Received a gift from Trog
  3159 | D        | Received a gift from Trog
  3159 | D        | Killed a sphinx
  3159 | D        | Received a gift from Trog
  3163 | D        | Killed a red draconian shifter
  3163 | D        | Received a gift from Trog
  3169 | D        | Received a gift from Trog
  3170 | D        | Received a gift from Trog
  3181 | D        | Noticed a sphinx
  3187 | D        | Killed a sphinx
  3196 | D        | Noticed a purple draconian annihilator
  3199 | D        | Noticed a yellow draconian zealot
  3209 | D        | Received a gift from Trog
  3216 | D        | Killed a purple draconian annihilator
  3240 | D        | Killed a yellow draconian zealot
  3352 | D        | Noticed an angel
  3374 | D        | Killed an angel
  3394 | D        | HP: 4/169 [hellion/damnation[a deep elf demonologist] (17)]
  3399 | D        | Received a gift from Trog
  3416 | D        | Received a gift from Trog
  3416 | D        | Received a gift from Trog
  3471 | D        | Received a gift from Trog
  3495 | D        | Received a gift from Trog
  3571 | D        | Got the amulet of Kyciuk {Gourm Int+5}
  3573 | D        | Got the amulet of Leucvati {+Rage rF+}
  3575 | D        | Got the amulet "Saluog" {RegenMP MR+ Slay+3 SInv}
  3577 | D        | Got the ring of Zoxup {+Fly rN+ Str+2 Int-3}
  3579 | D        | Got the amulet of Neavum {Reflect rElec rPois MR+ Str-5 SH+4}
  3582 | D        | Got the ring "Efyjorr" {rF++ rC+ MR- Dex+4 Stlth+}
  3584 | D        | Got the ring of Butasaejo {Str+2 Dex+3 Slay+5}
  3586 | D        | Got the amulet "Lacsezeo" {Reflect Int+4 SH+6}
  3588 | D        | Got the ring "Xuloqeat" {rElec Slay+1}
  3590 | D        | Got the amulet of Circularity {*Corrode Regen+ Int+5 Dex+8}
  3592 | D        | Got the ring "Juyfuost" {*Contam Int+6 Dex+5 Slay+5}
  3594 | D        | Got the amulet "Uruupnit" {RegenMP *Contam rElec Slay+5 Stlth+}
  3656 | D        | Got the ring "Xeiqoock" {rN+ Int+6}
  3658 | D        | Got the ring of Ykuobaem {rC+ MR+}
  3660 | D        | Got the ring "Taofumak" {MR+ Str+5}
  3662 | D        | Got the ring "Xoutohas" {rN+ SInv}
  3676 | D        | Got the ring of the Sky {rElec rF+ Str+6}
  3678 | D        | Got the ring "Hunaaf" {rPois rN+ SInv}
  3680 | D        | Got the ring of Obbyomyaro {*Contam rN+ Dex+3 SInv}
  3689 | D        | Got the ring of Sin {rElec rF+ MR+ Str+3 Dex-2}
  3691 | D        | Got the ring "Damu Lekh" {+Inv rN+ Int+4 Dex+6}
  3697 | D        | Got the ring of Cuwyg {rElec rN+ Str+6 Dex+2 SInv}
  3704 | D        | Got the ring of Wimits {rC+ Stlth+}
  3706 | D        | Got the ring of the Oligarchy {+Fly rElec AC+6 Str+4}
  3798 | D        | Noticed a war gargoyle
  3806 | D        | Killed a war gargoyle
  3833 | D        | Noticed Snorg
  3836 | D        | Paralysed by an ogre mage for 6 turns
  3847 | D        | Received a gift from Trog
  3847 | D        | Reached skill level 15 in Dodging
  3903 | D        | Killed Snorg
  3979 | D        | Received a gift from Trog
  4058 | D        | Received a gift from Trog
  4071 | D        | Noticed Saint Roka
  4089 | D        | Received a gift from Trog
  4101 | D        | Killed Saint Roka
  4101 | D        | Reached skill level 5 in Throwing
  4101 | D        | Reached XP level 15. HP: 167/183 MP: 15/15
  4117 | D        | Received a gift from Trog
  4133 | D        | Received a gift from Trog
  4139 | D        | Received a gift from Trog
  4153 | D        | Received a gift from Trog
  4178 | D        | Got the amulet "Vestroq" {Spirit rN+}
  4203 | D        | Received a gift from Trog
  4215 | D        | Noticed Nikola
  4224 | D        | Killed Nikola
  4225 | D        | Received a gift from Trog
  4242 | D        | Noticed a titan
  4258 | D        | Killed a titan
  4261 | D        | Received a gift from Trog
  4424 | D        | Noticed a storm dragon
  4455 | D        | Received a gift from Trog
  4460 | D        | Noticed a sphinx
  4468 | D        | Killed a sphinx
  4468 | D        | Received a gift from Trog
  4606 | D        | Reached skill level 1 in Shields
  4645 | D        | Received a gift from Trog
  4651 | D        | Killed a storm dragon
  4768 | D        | Noticed an Executioner
  4768 | D        | Noticed a curse toe
  4774 | D        | Killed an Executioner
  4774 | D        | Received a gift from Trog
  4781 | D        | Killed a curse toe
  4880 | D        | Noticed a golden dragon
  4894 | D        | Noticed Margery
  4902 | D        | Killed Margery
  4908 | D        | Received a gift from Trog
  4960 | D        | Received a gift from Trog
  5034 | D        | Reached skill level 5 in Shields
  5055 | D        | Reached XP level 16. HP: 124/204 MP: 17/17
  5062 | D        | Received a gift from Trog
  5197 | D        | Killed a golden dragon
  5201 | D        | Received a gift from Trog
  5276 | D        | Received a gift from Trog
  5307 | D        | Received a gift from Trog
  5315 | D        | Received a gift from Trog
  5369 | D        | Received a gift from Trog
  5374 | D        | Received a gift from Trog
  5384 | D        | Reached skill level 10 in Shields
  5395 | D        | Received a gift from Trog
  5436 | D        | Received a gift from Trog
  5554 | D        | Received a gift from Trog
  5555 | D        | Received a gift from Trog
  5555 | D        | Received a gift from Trog
  5574 | D        | Got the amulet "Cexauteu" {Faith Int+4 Stlth+}
  5593 | D        | Got a silver rune of Zot
  5737 | D        | Noticed a Brimstone Fiend
  5741 | D        | Killed a Brimstone Fiend
  5832 | D        | Noticed Irixieb the pandemonium lord
  5845 | D        | Killed Irixieb the pandemonium lord
  5845 | D        | Received a gift from Trog
  5937 | D        | Noticed a titan
  5944 | D        | Killed a titan
  5944 | D        | Received a gift from Trog
  5978 | D        | Noticed a Tzitzimitl
  5982 | D        | Killed a Tzitzimitl
  5982 | D        | Received a gift from Trog
  5982 | D        | Reached skill level 10 in Throwing
  5984 | D        | Noticed a tentacled monstrosity
  5989 | D        | Killed a tentacled monstrosity
  6103 | D        | Noticed a deep elf master archer
  6115 | D        | Received a gift from Trog
  6124 | D        | Killed a deep elf master archer
  6124 | D        | Reached skill level 15 in Shields
  6186 | D        | Noticed a hellephant
  6189 | D        | Noticed a deep elf master archer
  6193 | D        | Killed a deep elf master archer
  6193 | D        | Reached XP level 17. HP: 211/218 MP: 18/18
  6200 | D        | Killed a hellephant
  6200 | D        | Received a gift from Trog
  6225 | D        | Noticed Itiucoll the pandemonium lord
  6241 | D        | Killed Itiucoll the pandemonium lord
  6285 | D        | Noticed a greater mummy
  6292 | D        | Killed a greater mummy
  6433 | D        | Noticed a bone dragon
  6433 | D        | Noticed an ancient lich
  6433 | D        | Noticed an ancient lich
  6433 | D        | Noticed a lich
  6433 | D        | Noticed a greater mummy
  6433 | D        | Noticed a lich
  6444 | D        | Received a gift from Trog
  6452 | D        | Noticed a greater mummy
  6453 | D        | Killed a lich
  6459 | D        | Killed a lich
  6471 | D        | Received a gift from Trog
  6477 | D        | Killed an ancient lich
  6477 | D        | Received a gift from Trog
  6477 | D        | Received a gift from Trog
  6485 | D        | Killed a bone dragon
  6514 | D        | Noticed an Ice Fiend
  6514 | D        | HP: 5/222 [Ice Fiend/bolt of cold[an ancient lich] (17)]
  6613 | D        | Killed an ancient lich
  6621 | D        | Killed a greater mummy
  6621 | D        | Received a gift from Trog
  6817 | D        | Received a gift from Trog
  6842 | D        | Noticed a lich
  6847 | D        | Killed a lich
  6865 | D        | Received a gift from Trog
  6878 | D        | Noticed an ancient lich
  6880 | D        | Received a gift from Trog
  6887 | D        | Received a gift from Trog
  6895 | D        | Noticed a bone dragon
  6901 | D        | Killed a bone dragon
  6906 | D        | Killed an ancient lich
  6906 | D        | Reached XP level 18. HP: 232/232 MP: 19/19
  6922 | D        | Received a gift from Trog
  6925 | D        | Noticed a greater mummy
  6935 | D        | Killed a greater mummy
  6946 | D        | Received a gift from Trog
  6972 | D        | Noticed a bone dragon
  6985 | D        | Killed a bone dragon
  6988 | D        | Noticed a greater mummy
  7009 | D        | Received a gift from Trog
  7009 | D        | Received a gift from Trog
  7015 | D        | Killed a greater mummy
  7015 | D        | HP: 17/351 [torment (11)]
  7076 | D        | Killed a greater mummy
  7076 | D        | Received a gift from Trog
  7259 | D        | Received a gift from Trog
  7281 | D        | Noticed a bone dragon
  7296 | D        | Killed a bone dragon
  7300 | D        | Received a gift from Trog
  7415 | D        | Received a gift from Trog
  7462 | D        | Received a gift from Trog
  7505 | D        | Noticed an ancient lich
  7517 | D        | Killed an ancient lich
  7517 | D        | Received a gift from Trog
  7517 | D        | Reached skill level 27 in Fighting
  7522 | D        | Noticed an ancient lich
  7535 | D        | Killed an ancient lich
  7535 | D        | Reached skill level 15 in Throwing
  7535 | D        | Reached skill level 27 in Shields
  7538 | D        | Received a gift from Trog
  7564 | D        | Got a golden rune of Zot
  7574 | D        | Received a gift from Trog
  7736 | D        | Received a gift from Trog
  7745 | D        | Noticed Jory
  7760 | D        | Killed Jory
  7775 | D        | Received a gift from Trog
  7891 | D        | Received a gift from Trog
  7967 | D        | Noticed a bone dragon
  7972 | D        | Received a gift from Trog
  7973 | D        | Killed a bone dragon
  7973 | D        | Reached skill level 10 in Armour
  7994 | D        | Received a gift from Trog
  7994 | D        | Reached XP level 19. HP: 195/244 MP: 20/20
  8000 | D        | Received a gift from Trog
  8026 | D        | Received a gift from Trog
  8148 | D        | Noticed an electric golem
  8168 | D        | Killed an electric golem
  8228 | D        | Noticed an ancient lich
  8229 | D        | Noticed a Killer Klown
  8257 | D        | Received a gift from Trog
  8261 | D        | Killed an ancient lich
  8357 | D        | Killed a Killer Klown
  8357 | D        | Reached skill level 15 in Armour
  8412 | D        | Noticed Dissolution
  8438 | D        | Killed Dissolution
  8445 | D        | Noticed Xtahua
  8450 | D        | Killed Xtahua
  8592 | D        | Noticed Dukluaco the pandemonium lord
  8598 | D        | Killed Dukluaco the pandemonium lord
  8598 | D        | Received a gift from Trog
  8635 | D        | Noticed Geryon
  8646 | D        | Killed Geryon
  8646 | D        | Received a gift from Trog
  8652 | D        | Gained mutation: You tend to lose your temper in combat. [a cacodemon]
  8659 | D        | Gained mutation: Armour fits poorly on your strangely shaped body. [a cacodemon]
  8675 | D        | Noticed a Tzitzimitl
  8679 | D        | Killed a Tzitzimitl
  8679 | D        | Received a gift from Trog
  8738 | D        | Received a gift from Trog
  8847 | D        | Noticed an electric golem
  8847 | D        | Noticed Mara
  8854 | D        | Noticed Blackmore's illusion
  8861 | D        | Killed Mara
  8871 | D        | Killed an electric golem
  8917 | D        | Noticed an ancient lich
  8920 | D        | Received a gift from Trog
  8931 | D        | Killed an ancient lich
  8931 | D        | Received a gift from Trog
  8931 | D        | Reached skill level 5 in Evocations
  8937 | D        | Noticed a lich
  8937 | D        | Noticed a Killer Klown
  8939 | D        | Noticed an orb of fire
  8951 | D        | Killed an orb of fire
  8951 | D        | Reached XP level 20. HP: 255/255 MP: 21/23
  8956 | D        | Killed a Killer Klown
  8965 | D        | Received a gift from Trog
  8995 | D        | Noticed the Royal Jelly
  9001 | D        | Killed the Royal Jelly
  9021 | D        | Noticed an ancient lich
  9024 | D        | Killed an ancient lich
  9024 | D        | Received a gift from Trog
  9167 | D        | Noticed an orb of fire
  9167 | D        | Noticed a golden dragon
  9168 | D        | Gained mutation: You occasionally shout uncontrollably at your foes. [an orb of fire]
  9168 | D        | Noticed a pearl dragon
  9175 | D        | Gained mutation: You are weak. (Str -2) [an orb of fire]
  9180 | D        | Killed an orb of fire
  9180 | D        | Reached skill level 27 in Throwing
  9183 | D        | Noticed Gloorx Vloq
  9184 | D        | Killed a golden dragon
  9192 | D        | Killed Gloorx Vloq
  9199 | D        | Killed a pearl dragon
  9335 | D        | Got an iron rune of Zot
  9501 | D        | Received a gift from Trog
  9570 | D        | Received a gift from Trog
  9742 | D        | Reached skill level 10 in Evocations
  9763 | D        | Received a gift from Trog
  9778 | D        | Reached skill level 27 in Armour
  9800 | D        | Received a gift from Trog
  9809 | D        | Received a gift from Trog
  9824 | D        | Noticed a pearl dragon
  9835 | D        | Received a gift from Trog
  9845 | D        | Killed a pearl dragon
  9845 | D        | Reached skill level 15 in Evocations
  9845 | D        | Reached XP level 21. HP: 227/264 MP: 29/31
  9846 | D        | Noticed Foxtiurgh the pandemonium lord
 10021 | D        | Received a gift from Trog
 10242 | D        | Got a polished large shield
 10248 | D        | Identified the cursed +0 large shield "Xoomp" {rElec rF- rC+ Dex+7} (You took it off a daeva in the Dungeon)
 10299 | D        | Noticed an orb of fire
 10333 | D        | Received a gift from Trog
 10366 | D        | Noticed an orb of fire
 10368 | D        | Gained mutation: You expend magic power (3 MP) to strengthen your wands. [an orb of fire]
 10370 | D        | Noticed Upaott the pandemonium lord
 10371 | D        | Killed an orb of fire
 10407 | D        | Killed Upaott the pandemonium lord
 10530 | D        | Gained mutation: Your spells are a little easier to cast, but a little less powerful. [an orb of fire]
 10534 | D        | Killed an orb of fire
 10628 | D        | Noticed Cerebov
 10650 | D        | Noticed Ydopse the pandemonium lord
 10661 | D        | Killed Ydopse the pandemonium lord
 10692 | D        | Noticed Khufu
 10704 | D        | Killed Cerebov
 10704 | D        | Received a gift from Trog
 10711 | D        | Killed Khufu
 10968 | D        | Lost mutation: You tend to lose your temper in combat. [potion of cure mutation]
 10968 | D        | Lost mutation: Your spells are a little easier to cast, but a little less powerful. [potion of cure mutation]
 10968 | D        | Lost mutation: Armour fits poorly on your strangely shaped body. [potion of cure mutation]
 10968 | D        | Lost mutation: You expend magic power (3 MP) to strengthen your wands. [potion of cure mutation]
 10969 | D        | Lost mutation: You are weak. (Str -2) [potion of cure mutation]
 10969 | D        | Lost mutation: You occasionally shout uncontrollably at your foes. [potion of cure mutation]
 10977 | D        | Received a gift from Trog
 10978 | D        | Received a gift from Trog
 10984 | D        | Received a gift from Trog
 10988 | D        | Received a gift from Trog
 11022 | D        | Noticed Louise
 11024 | D        | Killed Foxtiurgh the pandemonium lord
 11029 | D        | Noticed the 27-headed Lernaean hydra
 11030 | D        | Killed Louise
 11030 | D        | Received a gift from Trog
 11034 | D        | Noticed Liecemeh the pandemonium lord
 11035 | D        | Noticed a greater mummy
 11352 | D        | Noticed Pesir the pandemonium lord
 11359 | D        | Killed Pesir the pandemonium lord
 11365 | D        | Received a gift from Trog
 11370 | D        | Killed the 27-headed Lernaean hydra
 11370 | D        | Reached skill level 27 in Evocations
 11524 | D        | Killed Liecemeh the pandemonium lord
 11524 | D        | Reached XP level 22. HP: 275/275 MP: 38/38
 11538 | D        | Noticed an ancient lich
 11544 | D        | Killed an ancient lich
 11550 | D        | Received a gift from Trog
 11600 | D        | Killed a greater mummy
 11877 | D        | Reached skill level 15 in Stealth
 11885 | D        | Received a gift from Trog
 11920 | D        | Received a gift from Trog
 12022 | D        | Got the Orb of Zot
 12111 | D        | Escaped with the Orb!

Vault maps used:
D:        pitsprint

Skill      XL: |  1  2  3  4  5  6  7  8  9 10 11 12 13 14 15 16 17 18 19 20 21 22 |
---------------+-------------------------------------------------------------------+-----
Fighting       | 3 5 6 7 8 9 10 11 12 15 20 23 24 26 27 | 27.0
Dodging        | 3 4 5 6 7 8 9 10 12 15 18 20 | 20.8
Unarmed Combat | 4 5 7 8 9 11 13 15 17 20 23 25 27 | 27.0
Evocations     | 1 2 6 15 27 | 27.0
Throwing       | 5 8 10 12 17 25 27 | 27.0
Shields        | 5 15 23 27 | 27.0
Armour         | 11 21 27 | 27.0
Stealth        | 9 18 | 18.4

Action                   |  1- 3 |  4- 6 |  7- 9 | 10-12 | 13-15 | 16-18 | 19-21 | 22-24 || total
-------------------------+-------+-------+-------+-------+-------+-------+-------+-------++-------
Melee: Unarmed           |    21 |    26 |    41 |   209 |   392 |   539 |   422 |    65 ||  1715
       Punch             |       |     2 |     3 |    23 |    41 |       |       |       ||    69
Throw: Tomahawk          |       |       |       |       |     6 |    19 |       |       ||    25
       Large rock        |       |       |       |       |     3 |    10 |       |       ||    13
       Javelin           |       |       |       |       |       |       |    73 |    29 ||   102
Invok: Berserk           |     1 |     2 |     2 |     7 |     6 |     8 |     6 |     1 ||    33
       Trog's Hand       |       |     1 |       |     3 |     5 |     5 |     2 |     1 ||    17
       Brothers in Arms  |       |       |     2 |     8 |    16 |    10 |    11 |     3 ||    50
       Burn Spellbooks   |       |       |       |       |     9 |     4 |       |       ||    13
 Abil: Evoke Invisibilit |       |       |       |       |       |       |       |     1 ||     1
Evoke: Wand              |       |       |       |     1 |       |       |       |       ||     1
       Horn of Geryon    |       |       |       |       |       |       |     2 |       ||     2
  Use: Scroll            |       |       |       |     3 |     2 |     4 |     3 |       ||    12
       Potion            |       |       |       |     3 |    11 |     9 |     9 |     7 ||    39
 Stab: Sleeping          |     1 |       |       |       |       |       |       |       ||     1
       Distracted        |       |       |       |       |     7 |     1 |     3 |       ||    11
       Invisible         |       |       |       |       |       |    11 |       |     7 ||    18
  Eat: Chunk             |       |    11 |     7 |    22 |    42 |    18 |    36 |     1 ||   137
       Meat ration       |       |       |       |       |       |     3 |     1 |     3 ||     7
       Beef jerky        |       |       |       |       |       |       |     1 |       ||     1
Armor: Robe              |     3 |     4 |     1 |       |       |       |       |       ||     8
       Troll leather arm |       |       |    10 |    25 |    57 |     6 |       |       ||    98
       Gold dragon scale |       |       |       |       |       |    87 |    56 |     4 ||   147
Dodge: Dodged            |    21 |    13 |    31 |   125 |   170 |   111 |    80 |    10 ||   561
Block: Other             |       |       |       |       |    29 |       |       |       ||    29
       Shield            |       |       |       |       |    23 |   119 |       |       ||   142
       Reflection        |       |       |       |       |     1 |    10 |     6 |       ||    17
       Large shield      |       |       |       |       |       |   237 |   254 |    35 ||   526
